 Dungeon Crawl Stone Soup version 0.18.1-50-g88ac8fd (webtiles) character file.

1699 lorenzova the Ducker (level 9, -5/68 HPs)
             Began as a Merfolk Skald on Oct 18, 2016.
             Slain by Chiseanne's ghost (11 damage)
             ... on level 6 of the Dungeon.
             The game lasted 00:13:58 (6461 turns).

lorenzova the Ducker (Merfolk Skald)                Turns: 6461, Time: 00:13:59

Health: -5/68      AC:  7    Str: 14    XL:     9   Next: 3%
Magic:  14/16      EV: 20    Int: 12    God:
Gold:   463        SH:  2    Dex: 14    Spells: 4 memorised, 10 levels left

rFire  . . .     SeeInvis .     v - +2 spear (chaos)
rCold  . . .     Gourm    .     b - +0 leather armour
rNeg   . . .     Faith    .     (no shield)
rPois  .         Spirit   .     p - +0 helmet
rElec  .         Dismiss  .     j - +0 cloak
rCorr  .         Reflect  +     m - +0 pair of gloves
SustAt .         Harm     .     r - +0 pair of boots
MR     .....                    s - +2 amulet of reflection
Stlth  +.........               l - +4 ring of evasion
                                o - ring of wizardry

@: not resistant to hostile enchantments, very unstealthy
A: change form in water, swift swim
a: no special abilities


You were on level 6 of the Dungeon.
You were not hungry.

You visited 1 branch of the dungeon, and saw 6 of its levels.
You also visited: Sewer.

You collected 463 gold pieces.

Inventory:

Hand Weapons
 v - a +2 spear of chaos (weapon)
Armour
 b - a +0 leather armour (worn)
 j - a +0 cloak (worn)
 m - a +0 pair of gloves (worn)
 p - a +0 helmet (worn)
 r - a +0 pair of boots (worn)
 F - a +1 scale mail of poison resistance
Jewellery
 l - a +4 ring of evasion (right hand)
 o - a ring of wizardry (left hand)
 s - a +2 amulet of reflection (around neck)
Wands
 a - a wand of disintegration (10/24)
 t - a wand of hasting (2/9)
 u - a wand of slowing (22/48)
 D - a wand of iceblast (9/15)
Scrolls
 g - 3 scrolls of blinking {unknown}
 n - 2 scrolls of enchant armour {unknown}
 q - 2 scrolls of teleportation {unknown}
 w - 5 scrolls of remove curse {unknown}
 y - a scroll of noise {unknown}
 z - a scroll of immolation {unknown}
 A - 2 scrolls of random uselessness {unknown}
 B - a scroll of fog {unknown}
 G - a scroll of magic mapping {unknown}
Potions
 e - 2 potions of curing
 i - a potion of haste
 C - a potion of resistance {unknown}
 E - a potion of flight {unknown}
Books
 c - a book of Battle

   Spells                             Type                      Level
   a - Infusion                       Charms                       1
   b - Shroud of Golubria             Charms/Translocation         2
   c - Song of Slaying                Charms                       2
   d - Spectral Weapon                Hexes/Charms                 3
   e - Regeneration                   Charms/Necromancy            3
 f - a book of the Dragon

   Spells                             Type                      Level
   a - Flame Tongue                   Conjuration/Fire             1
   b - Cause Fear                     Hexes                        4
   c - Bolt of Fire                   Conjuration/Fire             6
   d - Dragon Form                    Transmutation                7
   e - Dragon's Call                  Summoning                    9
Comestibles
 d - 4 bread rations
 h - a meat ration
 k - a beef jerky
 x - a slice of pizza


   Skills:
 + Level 5.2 Fighting
 - Level 6.0 Polearms
 - Level 0.6 Armour
 + Level 7.5 Dodging
 + Level 5.2 Spellcasting
 + Level 6.8 Charms


You had 10 spell levels left.
You knew the following spells:

 Your Spells              Type           Power        Failure   Level  Hunger
a - Infusion              Chrm           ###.         1%          1    None
b - Song of Slaying       Chrm           ###.....     1%          2    ##.....
c - Shroud of Golubria    Chrm/Tloc      ##........   4%          2    ##.....
d - Regeneration          Chrm/Necr      ##........   9%          3    ###....


Dungeon Overview and Level Annotations

Branches:
Dungeon (6/15)             Temple (0/1) D:4

Altars:
Ashenzari
Makhleb
Ru
Trog
Xom

Annotations:
D:6 Chiseanne's ghost, novice CeAE


Message History

You block something's attack.
You hit something but do no damage. You hit something. Something hits you!
* * * LOW HITPOINT WARNING * * *
You closely miss something. Something barely misses you.
You hit something but do no damage.
You are no longer magically infusing your attacks.
Something hits you!
* * * LOW HITPOINT WARNING * * *
You hit something but do no damage. Something hits you but does no damage.
You closely miss something. You hit something but do no damage.
Something hits you but does no damage.
You hit something.
Nothing appears to happen.
Something hits you but does no damage.
You barely miss something. Something hits you.
* * * LOW HITPOINT WARNING * * *
Something hits you.
* * * LOW HITPOINT WARNING * * *
You hit something but do no damage. Something hits you!
You die...

+.............#....#...
#...##(......##....#...
#...##.......##....##..
.............##....##..
.............##....##..
#...##.................
#.) #................. #.
#.......##....##..
#...##@......##....##..
......{........#........ .
.................#........
.#
................########..
.# ...........!.....##...
#.. .#
...##...##.......##....
#.. .#####'#######
#...)...##....##..
....W....#
#..$....#.........
.........#
#.......#....>....


There were no monsters in sight!

Vanquished Creatures
  Purgy (Sewer)
  A sky beast (D:6)
  3 phantoms
  A centaur (D:6)
  2 ogres (D:6)
  A water moccasin skeleton (D:6)
  A killer bee (D:4)
  A crimson imp (D:5)
  A giant frog zombie (D:5)
  A centaur zombie (D:6)
  3 hounds
  A jelly (D:6)
  2 orc priests (D:4)
  Terence (D:3)
  3 worker ants
  2 orc wizards (D:4)
  6 gnolls
  2 river rats (D:5)
  9 adders
  An ooze (D:3)
  An adder skeleton (D:4)
  An adder zombie (D:3)
  4 worms
  2 dart slugs
  7 giant geckos
  20 orcs
  10 bats
  10 giant cockroaches
  6 goblins
  8 hobgoblins
  4 jackals
  5 quokkas
  A giant gecko skeleton (D:6)
  A giant gecko zombie (D:6)
  7 giant newts
  10 kobolds
  8 rats
148 creatures vanquished.

Vanquished Creatures (collateral kills)
  The ghost of lorenzova the Poker, an amateur MfSk (D:4)
  A giant frog (shapeshifter) (D:4)
2 creatures vanquished.

Vanquished Creatures (others)
  A kobold (D:3)
1 creature vanquished.

Grand Total: 151 creatures vanquished

Notes
Turn   | Place    | Note
--------------------------------------------------------------
     0 | D:1      | lorenzova the Merfolk Skald began the quest for the Orb.
     0 | D:1      | Reached XP level 1. HP: 16/16 MP: 3/3
   203 | D:1      | Reached XP level 2. HP: 22/22 MP: 5/5
   209 | D:1      | Learned a level 2 spell: Song of Slaying
   761 | D:1      | Reached XP level 3. HP: 25/27 MP: 6/6
   931 | D:2      | Reached skill level 2 in Dodging
  1323 | D:2      | Reached XP level 4. HP: 23/33 MP: 4/7
  1860 | D:2      | Found a burning altar of Makhleb.
  1876 | D:2      | Reached skill level 3 in Dodging
  1876 | D:2      | Reached XP level 5. HP: 24/38 MP: 3/9
  1934 | D:2      | Learned a level 2 spell: Shroud of Golubria
  2145 | D:3      | Noticed Terence
  2166 | D:3      | Killed Terence
  2595 | D:3      | Reached skill level 5 in Polearms
  2624 | D:3      | Found a sacrificial altar of Ru.
  2779 | D:3      | Found a shimmering altar of Xom.
  2941 | D:3      | Reached XP level 6. HP: 30/44 MP: 4/10
  2970 | D:3      | Reached skill level 4 in Dodging
  3448 | D:4      | Noticed lorenzova's ghost (amateur MfSk)
  3932 | D:4      | Killed lorenzova's ghost
  3932 | D:4      | Reached skill level 5 in Charms
  3932 | D:4      | Reached XP level 7. HP: 34/50 MP: 7/12
  3937 | D:4      | Learned a level 3 spell: Regeneration
  3963 | D:4      | Reached skill level 5 in Dodging
  4233 | D:4      | Found a shattered altar of Ashenzari.
  4494 | D:4      | Found a staircase to the Ecumenical Temple.
  4614 | D:4      | Found a bloodstained altar of Trog.
  4720 | D:5      | Entered Level 5 of the Dungeon
  4765 | D:5      | Reached XP level 8. HP: 51/58 MP: 14/14
  4833 | D:5      | Reached skill level 6 in Dodging
  5198 | D:5      | Found a glowing drain.
  5202 | Sewer    | Entered a sewer
  5271 | Sewer    | Noticed Purgy
  5289 | Sewer    | Killed Purgy
  5765 | D:6      | Reached skill level 7 in Dodging
  5805 | D:6      | Reached skill level 5 in Spellcasting
  5883 | D:6      | Reached skill level 5 in Fighting
  5999 | D:6      | Reached XP level 9. HP: 62/68 MP: 9/16
  6018 | D:6      | Noticed Chiseanne's ghost (novice CeAE)
  6461 | D:6      | Slain by Chiseanne's ghost

Skill      XL: |  1  2  3  4  5  6  7  8 |
---------------+-------------------------+-----
Polearms       | 4 5 6 |  6.0
Dodging        | 2 3 4 5 7 |  7.5
Charms         | 4 5 6 |  6.8
Spellcasting   | 3 4 5 |  5.2
Fighting       | 3 5 |  5.2
Armour         | |  0.6

Action                   |  1- 3 |  4- 6 |  7- 9 || total
-------------------------+-------+-------+-------++-------
Melee: Spear             |    94 |    93 |   356 ||   543
       Trident           |    14 |   168 |       ||   182
       Tailslap          |       |       |     5 ||     5
 Cast: Infusion          |     5 |     9 |    13 ||    27
       Shroud of Golubri |       |       |     1 ||     1
  Use: Scroll            |       |     2 |     1 ||     3
       Potion            |       |     1 |     1 ||     2
 Stab: Sleeping          |     1 |     1 |     4 ||     6
       Paralysed         |       |     2 |     2 ||     4
       Confused          |       |     1 |     2 ||     3
       Petrified         |       |       |     2 ||     2
       Petrifying        |       |       |     1 ||     1
  Eat: Chunk             |     1 |     9 |     7 ||    17
       Bread ration      |       |       |     1 ||     1
Armor: Leather armour    |    19 |    51 |    38 ||   108
Dodge: Dodged            |    44 |   127 |   158 ||   329
Block: Other             |       |     8 |    23 ||    31
       Reflection        |       |     1 |       ||     1
